 Dungeon Crawl Stone Soup version 0.31.0-9-g3a7656b989 (webtiles) character file.

Game seed: 12884464864093658386

102 qw the Shooter (level 4, -3/22 HPs)
             Began as a Spriggan Hunter on Feb 2, 2024.
             Slain by Grinder (5 damage)
             ... on level 3 of the Dungeon.
             The game lasted 00:00:06 (1538 turns).

qw the Shooter (Spriggan Hunter)                    Turns: 1538, Time: 00:00:06

Health: -3/22      AC:  2    Str:  7    XL:     4   Next: 49%
Magic:  5/5        EV: 20    Int: 10    God:
Gold:   122        SH:  0    Dex: 20    Spells: 3/3 levels left

rFire   . . .        b - +0 arbalest
rCold   . . .        (shield currently unavailable)
rNeg    . . .        c - +0 robe
rPois   .            (helmet restricted)
rElec   .            (no cloak)
rCorr   .            (gloves unavailable)
SInv    +            (boots unavailable)
Will    .....        (no amulet)
Stlth   ++           (no ring)
HPRegen 0.23/turn    (no ring)
MPRegen 0.09/turn

%: no passive effects
@: very quick
A: very small, no large weapons, unfitting armour, see invisible, speed 3
a: no special abilities


You were on level 3 of the Dungeon.
You visited 1 branch of the dungeon, and saw 3 of its levels.

You collected 122 gold pieces.


Innate Abilities, Weirdness & Mutations

You are very small and have problems with some larger weapons.
You are too small for most types of armour.
You have supernaturally acute eyesight. (SInv)
You cover ground extremely quickly. (Speed+++)


   Skills:
 + Level 1.6 Fighting
 - Level 5.0 Ranged Weapons
 - Level 5.0 Dodging
 - Level 1.5 Stealth


You had 3 spell levels left.
You didn't know any spells.
Your spell library was empty.

Inventory:

Hand Weapons
 b - a +0 arbalest (weapon)
Armour
 c - a +0 robe (worn)
Scrolls
 a - a scroll of identify
 e - 2 scrolls of brand weapon {unknown}
Potions
 d - a potion of mutation
 g - 2 potions of curing

Dungeon Overview and Level Annotations

Branches:
Dungeon (3/15)

Altars:
Vehumet

Annotations:
D:3 Grinder


Message History

You shoot a bolt. The bolt hits the giant cockroach!!
You kill the giant cockroach!
Found a scroll of vulnerability.
Found a stone staircase leading down.
You see here a scroll of vulnerability.
a - a scroll of identify
Found a shortbow.
Found a stone staircase leading up.
Enter note: Grinder and a ball python come into view.
You shoot a bolt. The bolt hits Grinder!!
Grinder is heavily wounded.
You shoot a bolt.
The bolt hits Grinder but does no damage.
Grinder is heavily wounded.
You shoot a bolt. The bolt closely misses Grinder.
You shoot a bolt. The bolt closely misses Grinder.
Grinder closely misses you.
You shoot a bolt. The bolt closely misses Grinder.
Grinder hits you but does no damage. Grinder misses you.
You shoot a bolt. The bolt barely misses Grinder.
Grinder gestures at you. Pain shoots through your body!
You shoot a bolt. The bolt barely misses Grinder.
Grinder gestures at you.
You struggle to resist.
Grinder closely misses you.
You shoot a bolt. The bolt barely misses Grinder.
Grinder misses you. x2
You shoot a bolt. The bolt hits Grinder.
Grinder is heavily wounded.
The ball python hisses angrily.
A ball python comes into view.
Grinder gestures at you. Pain shoots through your body!
You shoot a bolt. The ball python hisses angrily.
The bolt hits Grinder!
Grinder is almost dead.
Grinder hits you.
You writhe in agony.
Grinder hits you.
You writhe in agony.
You die...
Grinder says, "Hey, I wasn't done torturing you yet!"

#. .. .# #. #.#.# #. #
#S).. #. #.#...# # #.
#.#.S.# # #. #.
####.....##.# #..#####.
......5.....# #.....##.
#######@.##.####..##....
...<.....##.............
#######.###.####..##.###
#.# #.# ##..##.###
#.###.###.........
#..........###.###
#####.###.## #.# #..##.#
#.### ##.##.# #....


You could see Grinder and 2 ball pythons.

Vanquished Creatures
  4 gnolls
  2 dart slugs (D:1)
  2 ribbon worms (D:2)
  6 bats
  6 endoplasms
  3 giant cockroaches
  2 goblins
  5 hobgoblins
  A kobold (D:2)
  5 quokkas
  4 ball pythons
  5 frilled lizards (D:1)
  5 rats
50 creatures vanquished.

Notes
Turn   | Place    | Note
-------+----------+-------------------------------------------
     0 | D:1      | qw the Spriggan Hunter began the quest for the Orb.
     0 | D:1      | Reached XP level 1. HP: 10/10 MP: 2/2
     0 | D:1      | 0 ||| qw: Version: 0.3-a-155-g5e7d8dd
     0 | D:1      | 0 ||| qw: Game counter: 1004
     0 | D:1      | 0 ||| qw: Melee chars always use a shield: true
     0 | D:1      | 0 ||| qw: God list: Okawaru
     0 | D:1      | 0 ||| qw: Allow faded altars: false
     0 | D:1      | 0 ||| qw: Do Orc after clearing Dungeon:15 true
     0 | D:1      | 0 ||| qw: Do second Lair branch before Depths: true
     0 | D:1      | 0 ||| qw: Lair rune preference: random
     0 | D:1      | 0 ||| qw: Goals: Normal
     0 | D:1      | 0 ||| PLANNING D:1-11
    28 | D:1      | Reached skill level 3 in Dodging
   103 | D:1      | Reached XP level 2. HP: 14/14 MP: 3/3
   313 | D:1      | HP: 3/14 [frozen (3)]
   493 | D:1      | Reached XP level 3. HP: 17/18 MP: 4/4
   660 | D:1      | 660 ||| READING scroll labelled OPABAI YREMA.
   660 | D:1      | 660 ||| ENCHANTING +0 shortbow.
   661 | D:1      | 661 ||| READING scroll labelled CYVIUCWYMAU.
   762 | D:1      | 762 ||| DROPPING scroll of butterflies.
   779 | D:2      | 779 ||| STAIRDANCE
   786 | D:2      | 786 ||| STAIRDANCE
   853 | D:2      | 853 ||| STAIRDANCE
   861 | D:2      | 861 ||| STAIRDANCE
   883 | D:2      | Reached XP level 4. HP: 22/22 MP: 5/5
  1041 | D:2      | Found a radiant altar of Vehumet.
  1178 | D:2      | Found a faded altar of an unknown god.
  1362 | D:2      | 1362 ||| DROPPING ring of flight.
  1363 | D:2      | 1363 ||| READING 2 scrolls labelled JEH NEUTAIN.
  1363 | D:2      | 1363 ||| IDENTIFYING smoky black potion
  1364 | D:2      | 1364 ||| READING scroll of identify.
  1364 | D:2      | 1364 ||| IDENTIFYING 2 puce potions
  1365 | D:2      | 1365 ||| READING scroll labelled LITO BOLECKEL.
  1366 | D:2      | 1366 ||| READING scroll labelled BIF KOITEUGG.
  1367 | D:2      | 1367 ||| READING scroll labelled VOOSUFE YCWIS.
  1368 | D:2      | 1368 ||| READING scroll labelled HOIMOT MITY.
  1430 | D:3      | 1430 ||| SWAPPING to +0 arbalest.
  1431 | D:3      | 1431 ||| DROPPING +1 shortbow.
  1528 | D:3      | Noticed Grinder
  1538 | D:3      | HP: 4/22 [Grinder (3)]
  1538 | D:3      | Slain by Grinder

Levels and vault maps discovered:
D:1:      zelgadis_glass_arrival_small, layout_basic
D:2:      layout_rooms, hellmonk_ecumenical_altar_leap_of_faith, basic_altar
D:3:      layout_loops_ring, nicolae_uskayaw_en_pointe, uniq_grinder

Skill      XL: |  1  2  3  4 |
---------------+-------------+-----
Dodging        | 3 4 5 |  5.0
Ranged Weapons | 5 |  5.0
Fighting       | |  1.6
Stealth        | |  1.5

Action                     |  1- 3 |  4- 6 || total
---------------------------+-------+-------++-------
   Fire: Shortbow          |    94 |    41 ||   135
         Arbalest          |       |    12 ||    12
    Use: Scroll            |     2 |     6 ||     8
 Armour: Robe              |    19 |     4 ||    23
  Dodge: Dodged            |    54 |     8 ||    62

Table legend:
 A = Non-vault XP
 B = Vault XP
 C = Vault XP percentage of total XP
 D = Non-vault monster count
 E = Vault monster count
 F = Vault count percentage of total count
                 A         B        C        D         E       F
            +---------+---------+-------+---------+---------+-------
      Total |     146 |       0 |   0.0 |      50 |       0 |   0.0
            +---------+---------+-------+---------+---------+-------
        D:1 |      89 |       0 |   0.0 |      28 |       0 |   0.0
        D:2 |      50 |       0 |   0.0 |      18 |       0 |   0.0
        D:3 |       7 |       0 |   0.0 |       4 |       0 |   0.0
            +---------+---------+-------+---------+---------+-------
